 Dungeon Crawl Stone Soup version 0.30.0-20-g3b4254fcbd (webtiles) character file.

Game seed: 11518806221202562955

23 fishdoom the Caller (level 2, 0/11 HPs)
             Began as a Felid Summoner on June 2, 2023.
             Slain by an adder (3 damage)
             ... on level 2 of the Dungeon.
             The game lasted 00:02:40 (764 turns).

fishdoom the Caller (Felid Summoner)                 Turns: 764, Time: 00:02:40

Health: 0/11       AC:  1    Str:  4    XL:     2   Next: 75%
Magic:  4/6        EV: 17    Int: 16    God:
Gold:   4          SH:  0    Dex: 16    Spells: 4/5 levels left
                                        Lives:  0   Deaths: 0

rFire   . . .        (weapon unavailable)
rCold   . . .        (shield unavailable)
rNeg    . . .        (body armour unavailable)
rPois   .            (helmet unavailable)
rElec   .            (cloak unavailable)
rCorr   .            (gloves unavailable)
SInv    +            (boots unavailable)
Will    .....        (no amulet)
Stlth   ++           (no ring)
HPRegen 0.21/turn    (no ring)
MPRegen 0.10/turn

%: no passive effects
@: quick
A: very small, claws 1, fangs 3, see invisible, speed 1, shaggy fur 1, stealthy
paws, no weapons or thrown items, no armour, multi-lived
a: no special abilities


You were on level 2 of the Dungeon.
You visited 1 branch of the dungeon, and saw 2 of its levels.

You collected 4 gold pieces.

Inventory:

Scrolls
 e - a scroll of blinking {unknown}
 f - a scroll of vulnerability {unknown}
 g - a scroll of amnesia {unknown}
Potions
 a - a potion of magic
 b - a potion of might {unknown}
 c - a potion of heal wounds {unknown}
 d - a potion of attraction {unknown}


   Skills:
 + Level 3.1 Dodging
 + Level 3.0 Stealth
 + Level 0.3 Unarmed Combat
 + Level 2.0 Spellcasting
 + Level 4.5 Summonings


You had 4 spell levels left.
You knew the following spells:

 Your Spells              Type           Power      Damage    Failure   Level
a - Summon Small Mammal   Summ           64%        N/A       3%          1

Your spell library contained the following spells:

 Spells                   Type           Power      Damage    Failure   Level
 Call Imp                 Summ           32%        N/A       4%          2
 Call Canine Familiar     Summ           16%        N/A       10%         3
 Summon Guardian Golem    Hex/Summ       8%         N/A       24%         3
 Gell's Gravitas          Tloc           1%         N/A       52%         3
 Teleport Other           Tloc           1%         N/A       52%         3
 Summon Lightning Spire   Summ/Air       8%         N/A       63%         4
 Dispersal                Tloc           0%         N/A       100%        6


Dungeon Overview and Level Annotations

Branches:
Dungeon (2/15)

Altars:


Innate Abilities, Weirdness & Mutations

You have sharp claws.
You have razor-sharp teeth.
You have supernaturally acute eyesight. (SInv)
You cover ground quickly. (Speed+)
You are covered in fur. (AC +1)
Your paws help you pounce on unaware monsters.
You are incapable of wielding weapons or throwing items.
You cannot wear armour.
You gain extra lives every three experience levels.


Message History

Your bat misses the ball python. The adder barely misses your bat.
The ball python barely misses your bat. x2
Your bat hits the adder but does no damage.
Your bat hits the ball python. The adder bites your bat.
Your bat dies!
Your bat's corpse disappears in a puff of smoke!
Your quokka barely misses the ball python.
The adder bites your quokka.
Your quokka is poisoned.
The adder poisons your quokka!
Your quokka bites the adder but does no damage.
Your quokka dies!
Your quokka's corpse disappears in a puff of smoke!
You scratch the adder. You bite the adder.
The adder is moderately wounded.
The adder barely misses you.
You barely miss the adder.
The adder is moderately wounded.
The adder completely misses you. The adder bites you.
The ball python misses you. The ball python completely misses you.
You scratch the adder.
The adder is heavily wounded.
The adder barely misses you. The ball python barely misses you.
The ball python grabs you. The ball python constricts you.
You escape the ball python's grasp.
The adder attacks as you move away! The adder barely misses you.
The adder barely misses you.
Casting: Summon Small Mammal (safe; 3% risk of failure)
Confirm with . or Enter, or press ? or * to list all spells.
The adder bites you.
* * * LOW HITPOINT WARNING * * *
The ball python bites your bat.
The ball python closely misses your bat.
Your bat hits the ball python. The ball python bites your bat.
Your bat dies!
Your bat's corpse disappears in a puff of smoke!
Casting: Summon Small Mammal (safe; 3% risk of failure)
Confirm with . or Enter, or press ? or * to list all spells.
The adder closely misses you. The adder bites you.
You die...

#
#####.#############
........†..........
........#......)...
.####...#...######.
...#####........
###...#.S§######.
#..r#S.##
##....@.#######
.....#..........
####.#..........
#####...##.#######
...........#
#######.####
#########.#
...<......#
########..#


You could see an adder (ally target), a ball python and a friendly quokka
(summoned).

Vanquished Creatures
  An adder (D:2)
  A hobgoblin (D:2)
  A kobold (D:1)
  2 quokkas (D:1)
  A ball python (D:1)
  2 bats (D:1)
  2 frilled lizards (D:1)
  A rat (D:1)
11 creatures vanquished.

Vanquished Creatures (collateral kills)
  2 goblins (D:1)
  A hobgoblin (D:1)
3 creatures vanquished.

Grand Total: 14 creatures vanquished

Notes
Turn   | Place    | Note
-------+----------+-------------------------------------------
     0 | D:1      | fishdoom the Felid Summoner began the quest for the Orb.
     0 | D:1      | Reached XP level 1. HP: 7/7 MP: 4/4
   210 | D:1      | Reached XP level 2. HP: 11/11 MP: 6/6
   764 | D:2      | Slain by an adder

Illustrated notes

Levels and vault maps discovered:
D:1:      reono_arrival_mine, layout_basic
D:2:      layout_loops_ring, minmay_misc_feat_four_crosses

Skill      XL: |  1  2 |
---------------+-------+-----
Dodging        | 3 |  3.1
Stealth        | 3 |  3.0
Unarmed Combat | |  0.3
Spellcasting   | |  2.0
Summonings     | |  4.5

Action                     || total
---------------------------++-------
  Melee: Unarmed           ||    41
         Punch             ||     1
         Bite              ||     4
   Cast: Summon Small Mamm ||     7
   Stab: Sleeping          ||     3
         Distracted        ||     1
 Armour: Skin              ||     1
  Dodge: Dodged            ||    34
